AoeStats
← Nirmitha

Arena

509863613Analyzed
4v4 RM · 3d ago on Sep 28, 2026· 61m 4s· 8 players
Game mode
Random Map
Map size
Large (8 player)
Population
200
Speed
Normal
Resources
Standard
Victory
Conquest
Starting age
Dark Age
Ending age
Imperial Age
RankedLock teamsTeams togetherTeam positionsShared explorationLock speedFull tech treeHidden civsTurbo modeCheats
Victory
Defeat
🇩🇪 Malians · Germany
959
+12
🇧🇷 Gurjaras · Brazil
937
+13
🇨🇿 Bohemians · Czechia
901
+14
🇦🇺 Hindustanis · Australia
809
+18
906
-16
🇨🇳 Bohemians · China
879
-15
🇹🇼 Teutons · Taiwan
848
-14
🇭🇰 Goths · Hong Kong SAR China
818
-12
不動游星
10:19 Feudal Age
14:53 Castle Age
12:38 Horse Collar
13:29 Double-Bit Axe
16:39 Bow Saw
23:06 Heavy Plow
27:45 Imperial Age
25:56 Wheelbarrow
26:53 Hand Cart
27:21 Fletching
27:41 Scale Mail Armor
27:52 Forging
27:51 Gold Mining
28:00 Pikeman
28:41 Squires
28:26 Gambesons
28:27 Arson
30:11 Two-Man Saw
29:43 Halberdier
31:22 Crop Rotation
32:07 Chemistry
33:53 Conscription
33:54 Chain Mail Armor
34:14 Iron Casting
35:41 Plate Mail Armor
37:50 Cavalier
38:40 Bloodlines
39:46 Padded Archer Armor
39:42 Bodkin Arrow
40:22 Iron Casting
40:04 Siege Engineers
41:50 Paladin
49:21 Heavy Scorpion
LineageHK
0:29 Loom
14:38 Feudal Age
20:05 Castle Age
18:09 Double-Bit Axe
18:08 Horse Collar
21:05 Heavy Plow
29:51 Caravan
31:35 Bow Saw
32:13 Wheelbarrow
33:29 Hand Cart
35:37 Squires
38:10 Imperial Age
35:45 Anarchy
36:13 Forging
36:03 Scale Mail Armor
37:48 Iron Casting
39:02 Chain Mail Armor
38:18 Elite Huskarl
39:07 Gold Mining
39:48 Perfusion
40:50 Conscription
42:44 Blast Furnace
御园莓华世界一かわい
10:43 Feudal Age
14:39 Castle Age
14:23 Stone Mining
15:51 Double-Bit Axe
15:59 Loom
30:49 Forging
31:23 Gold Mining
32:21 Iron Casting
32:13 Horse Collar
34:02 Scale Barding Armor
35:07 Chain Barding Armor
OK旺仔
11:30 Feudal Age
12:49 Double-Bit Axe
15:24 Castle Age
16:33 Bow Saw
19:34 Wheelbarrow
19:01 Horse Collar
21:36 Chemistry
26:06 Padded Archer Armor
29:17 Squires
28:38 Pikeman
30:53 Forging
30:43 Scale Mail Armor
32:35 Iron Casting
40:20 Heavy Plow
40:06 Loom
48:03 Imperial Age
45:50 Hand Cart
51:28 Conscription
51:15 Wagenburg Tactics
51:42 Elite Hussite Wagon
60:35 Scale Barding Armor
60:46 Chain Mail Armor
61:33 Blast Furnace
Fuller THE MONSTER
12:37 Feudal Age
13:39 Double-Bit Axe
14:13 Horse Collar
17:06 Castle Age
15:11 Gold Mining
15:23 Stone Mining
20:04 Forging
20:03 Scale Barding Armor
22:12 Wheelbarrow
21:24 Loom
22:11 Bloodlines
22:02 Husbandry
23:31 Kshatriyas
25:11 Iron Casting
30:28 Scale Mail Armor
30:50 Chain Barding Armor
33:39 Gold Shaft Mining
34:49 Chain Mail Armor
41:51 Stone Shaft Mining
47:00 Imperial Age
47:51 Heavy Camel Rider
55:40 Plate Mail Armor
Plechy
1:19 Loom
11:52 Feudal Age
18:42 Castle Age
16:48 Double-Bit Axe
20:23 Wheelbarrow
28:36 Horse Collar
32:54 Imperial Age
32:05 Hand Cart
35:12 Wagenburg Tactics
36:04 Elite Hussite Wagon
38:00 Ballistics
38:40 Chemistry
38:47 Fervor
39:49 Houfnice
Nirmitha
9:50 Feudal Age
10:17 Double-Bit Axe
13:07 Horse Collar
14:18 Loom
18:43 Castle Age
18:31 Fletching
21:03 Stone Mining
21:17 Town Watch
20:54 Elite Skirmisher
25:53 Wheelbarrow
29:21 Scale Mail Armor
30:57 Heavy Plow
31:10 Bow Saw
32:04 Grand Trunk Road
37:06 Imperial Age
36:12 Bodkin Arrow
38:17 Conscription
39:38 Padded Archer Armor
41:28 Chemistry
40:39 Fortified Wall
51:15 Scale Barding Armor
53:14 Ballistics
54:21 Bloodlines
56:52 Shatagni
59:21 Guard Tower
QiQiKaKaGuGu
5:06 Loom
11:16 Feudal Age
15:01 Castle Age
14:39 Stone Mining
14:40 Double-Bit Axe
15:06 Horse Collar
20:30 Forging
21:04 Gold Mining
26:12 Iron Casting
30:55 Imperial Age
31:03 Bow Saw
30:55 Heavy Plow
32:43 Scale Mail Armor
38:30 Chain Mail Armor
39:56 Elite Gbeto
44:14 Plate Mail Armor
45:48 Conscription
50:04 Fletching
50:48 Crop Rotation
50:56 Gold Shaft Mining
51:22 Bodkin Arrow
51:27 Padded Archer Armor
Connection lost

Rejoining the realm…

Still unreachable

The connection could not be restored.

Session expired

The server has moved on; the page needs a fresh start.